 Dungeon Crawl Stone Soup version 0.30-a0-224-ge52a3cb02f (webtiles) character file.

Game seed: 17580148031378412779

56 qw the Chopper (level 3, -2/23 HPs)
             Began as a Gargoyle Fighter on Oct 9, 2022.
             Slain by a gnoll
             ... wielding a +0 spear
              (4 damage)
             ... on level 2 of the Dungeon.
             The game lasted 00:00:26 (832 turns).

qw the Chopper (Gargoyle Fighter)                    Turns: 832, Time: 00:00:26

Health: -2/23      AC: 12    Str: 21    XL:     3   Next: 97%
Magic:  3/3        EV:  7    Int:  8    God:
Gold:   23         SH:  4    Dex:  9    Spells: 2/2 levels left

rFire   . . .      SeeInvis .    Y - +0 war axe
rCold   . . .      Faith    .    c - +0 buckler
rNeg    + . .      Spirit   .    o - +0 chain mail
rPois   inf        Reflect  .    (no helmet)
rElec   +          Harm     .    (no cloak)
rCorr   .          Rampage  .    (no gloves)
Will    .....                    (no boots)
Stlth   ..........               (no amulet)
HPRegen 0.23/turn                (no ring)
MPRegen 0.08/turn                (no ring)

@: no status effects
A: sickness immunity, AC +3, negative energy resistance 1, electricity
resistance, torment resistance 1, petrification resistance
a: no special abilities


You were on level 2 of the Dungeon.
You visited 1 branch of the dungeon, and saw 2 of its levels.

You collected 23 gold pieces.


Innate Abilities, Weirdness & Mutations

You are immune to sickness and miasma.
Your stone body is resilient. (AC +3)
You are immune to poison.
You resist negative energy. (rN+)
You are resistant to electric shocks. (rElec)
You are resistant to unholy torment.
You are immune to petrification.


   Skills:
 - Level 3.2 Fighting
 + Level 3.7 Axes
 - Level 3.2 Armour
 - Level 3.2 Shields


You had 2 spell levels left.
You didn't know any spells.
Your spell library was empty.

Inventory:

Hand Weapons
 i - a +0 whip
 Y - a +0 war axe (weapon)
Armour
 c - a +0 buckler (worn)
 o - a +0 chain mail (worn)
Potions
 d - a potion of might
 f - a potion of attraction {unknown}
 g - a potion of berserk rage {unknown}
 m - a potion of degeneration {unknown}
 q - a potion of curing {unknown}
 r - a potion of ambrosia {unknown}

Dungeon Overview and Level Annotations

Branches:
Dungeon (2/15)

Altars:

Shops:
D:1 ((

Annotations:
D:1 2 transporters


Message History

The gnoll shouts!
The gnoll barely misses you.
A gnoll comes into view. It is wielding a +0 whip.
The gnoll hits you but does no damage. The gnoll hits you with a +0 halberd.
The gnoll shouts!
You hit the gnoll.
The gnoll is moderately wounded.
You block the gnoll's attack. x2; The gnoll hits you but does no damage. x2
A hobgoblin comes into view.
You slash the gnoll!
The gnoll is almost dead.
The gnoll hits you from afar with a +0 spear!
The gnoll hits you with a +0 halberd.
You hit the gnoll.
You kill the gnoll!
The gnoll hits you but does no damage.
You closely miss the gnoll. The gnoll hits you with a +0 whip.
The gnoll barely misses you. The gnoll hits you but does no damage.
The gnoll barely misses you.
You slash the gnoll!
You kill the gnoll!
You block the gnoll's attack.
You closely miss the hobgoblin. The gnoll barely misses you.
The hobgoblin hits you but does no damage.
You slash the hobgoblin!
You kill the hobgoblin!
You block the gnoll's attack.
The gnoll hits you from afar with a +0 spear.
The gnoll hits you but does no damage.
Things that are here:
a +0 whip; a +0 halberd You completely miss the gnoll.
The gnoll hits you but does no damage.
You hit the gnoll but do no damage. The gnoll closely misses you.
You slash the gnoll!
The gnoll is severely wounded.
You block the gnoll's attack. The gnoll hits you with a +0 spear.
You die...

..# ..# ..# #####
..# ...# .. ##.##
.# ###...###.####
# #.......@g...#
#.##.#...###.....#
#....%..## .#.....
####.#### .. ....
#.# ##. ### #.# ..
#.# ## ##.# #..#
#.#


You could see a gnoll.

Vanquished Creatures
  2 gnolls (D:2)
  An adder (D:2)
  6 endoplasms (D:1)
  A giant cockroach (D:1)
  2 goblins (D:1)
  3 hobgoblins
  3 quokkas (D:1)
  2 bats (D:1)
  4 frilled lizards (D:1)
  2 rats (D:1)
26 creatures vanquished.

Notes
Turn   | Place    | Note
-------+----------+-------------------------------------------
     0 | D:1      | qw the Gargoyle Fighter began the quest for the Orb.
     0 | D:1      | Reached XP level 1. HP: 14/14 MP: 1/1
     0 | D:1      | 0 ||| qw: Version: 0.2-a-17-g06abaee
     0 | D:1      | 0 ||| qw: Game counter: 2281
     0 | D:1      | 0 ||| qw: Always use a shield: true
     0 | D:1      | 0 ||| qw: God list: Okawaru
     0 | D:1      | 0 ||| qw: Allow faded altars: false
     0 | D:1      | 0 ||| qw: Do Orc after D:15 true
     0 | D:1      | 0 ||| qw: Do second Lair branch before Depths: true
     0 | D:1      | 0 ||| qw: Lair rune preference: random
     0 | D:1      | 0 ||| qw: Plans: Normal, Zot:1-4, God:TSO, Crypt, Tomb,
                  | Pan, Slime:5, Hells, Abyss, Orb
     0 | D:1      | 0 ||| PLANNING D:1-11
   126 | D:1      | Reached XP level 2. HP: 19/19 MP: 2/2
   133 | D:1      | 133 ||| DROPPING +0 club.
   142 | D:1      | Found Ydipoami's Weapon Shoppe.
   362 | D:1      | 362 ||| Stepping ~*~*~tactically~*~*~ (stealth).
   455 | D:1      | Reached skill level 3 in Axes
   491 | D:1      | Reached XP level 3. HP: 13/23 MP: 3/3
   591 | D:1      | Found Zualuf's Antique Weapon Emporium.
   708 | D:1      | 708 ||| UPGRADING to +0 chain mail.
   718 | D:1      | 718 ||| DROPPING +0 scale mail.
   719 | D:1      | 719 ||| DROPPING ring of flight.
   720 | D:1      | 720 ||| READING scroll labelled CYEMAI RAGGYKK.
   721 | D:1      | 721 ||| READING scroll labelled MEALUOT KUOGHA.
   722 | D:1      | 722 ||| READING scroll labelled XEJAX HENAZOI.
   726 | D:1      | 726 ||| READING scroll labelled YGAFFISHRACALL.
   727 | D:1      | 727 ||| READING scroll labelled JEDDOI NEIFA.
   728 | D:1      | 728 ||| DRINKING 2 lumpy blue potions.
   729 | D:1      | 729 ||| DROPPING potion of flight.
   823 | D:2      | HP: 4/23 [gnoll/+0 halberd (6)]
   825 | D:2      | HP: 1/23 [gnoll/+0 whip (3)]
   832 | D:2      | Slain by a gnoll

Levels and vault maps discovered:
D:1:      spicycebolla_arrival_transporter_tutorial, layout_basic, serial_shops,
          nicolae_shop_trees, nicolae_shop_bloodbath_and_beyond, minmay_bisected
D:2:      minmay_spotlight, layout_loops_cross, minmay_goblin_outpost

Skill      XL: |  1  2 |
---------------+-------+-----
Axes           | 2 3 |  3.7
Fighting       | |  3.2
Armour         | |  3.2
Shields        | |  3.2

Action                   || total
-------------------------++-------
Melee: War axe           ||    68
  Use: Scroll            ||     5
       Potion            ||     1
Armor: Scale mail        ||    23
       Chain mail        ||    11
Dodge: Dodged            ||    22
Block: Buckler           ||    13

Table legend:
 A = Non-vault XP
 B = Vault XP
 C = Vault XP percentage of total XP
 D = Non-vault monster count
 E = Vault monster count
 F = Vault count percentage of total count
                 A         B        C        D         E       F
            +---------+---------+-------+---------+---------+-------
      Total |      76 |       5 |   6.2 |      22 |       4 |  15.4
            +---------+---------+-------+---------+---------+-------
        D:1 |      31 |       5 |  13.9 |      18 |       4 |  18.2
        D:2 |      45 |       0 |   0.0 |       4 |       0 |   0.0
            +---------+---------+-------+---------+---------+-------
